 Dungeon Crawl Stone Soup version 0.31-a0-331-geda263fcf1 (webtiles) character file.

Game seed: 7804528772847582257

119 shadowrider38 the Ruffian (level 4, -1/36 HPs)
             Began as a Demigod Shapeshifter on July 20, 2023.
             Succumbed to an adder's poison
             ... on level 3 of the Dungeon.
             The game lasted 00:04:06 (2681 turns).

shadowrider38 the Ruffian (Demigod Shapeshifter)    Turns: 2681, Time: 00:04:07

Health: -1/36      AC:  1    Str: 18    XL:     4   Next: 47%
Magic:  6/6        EV: 12    Int: 10    God:
Gold:   2          SH:  0    Dex: 14    Spells: 3/3 levels left

rFire   + +          .
                       - Unarmed
rCold   . . .        (no shield)
rNeg    . . .        a - +0 animal skin
rPois   .            (helmet currently unavailable)
rElec   .            (cloak currently unavailable)
rCorr   .            (gloves currently unavailable)
SInv    .            (boots currently unavailable)
Will    .....        (no amulet)
Stlth   +            f - ring of protection from fire
HPRegen 0.26/turn    (no ring)
MPRegen 0.10/turn

%: no passive effects
@: lethally poisoned (-1 -> -7), beast-form
A: beast (slay +2), high MP 1, forlorn, divine attributes, hooves 1, deformed
body, fire resistance 1, weak 1
a: Begin Untransformation


You were on level 3 of the Dungeon.
You were a hulking beast.
You visited 1 branch of the dungeon, and saw 3 of its levels.

You collected 138 gold pieces.
You spent 136 gold pieces at shops.

Inventory:

Hand Weapons
 e - a +3 dagger of venom
Missiles
 v - 4 javelins
 J - 6 atropa-tipped darts
Armour
 a - a +0 animal skin (worn)
Jewellery
 f - a ring of protection from fire (left hand)
Talismans
 c - a beast talisman
Scrolls
 h - 2 scrolls of vulnerability {unknown}
 j - a scroll of amnesia {unknown}
 l - a scroll of enchant armour {unknown}
 B - 3 scrolls of blinking
 R - a scroll of identify
 T - 2 scrolls of teleportation
Potions
 b - 3 potions of lignification
 d - a potion of berserk rage
 g - a potion of resistance
 k - a potion of heal wounds {unknown}


   Skills:
 - Level 1.7 Fighting
 - Level 1.7 Dodging
 * Level 3.8 Unarmed Combat
 + Level 3.4 Shapeshifting


You had 3 spell levels left.
You didn't know any spells.
Your spell library contained the following spells:

 Spells                   Type           Power      Damage    Failure   Level
 Necrotise                Necr           0%         1d4       36%         1
 Static Discharge         Conj/Air       0%         2-2/arc   50%         2
 Vampiric Draining        Necr           0%         2d6       75%         3
 Airstrike                Air            0%         2d(0-16)  98%         4
 Summon Lightning Spire   Summ/Air       0%         N/A       98%         4
 Agony                    Necr           0%         N/A       100%        5


Dungeon Overview and Level Annotations

Branches:
Dungeon (3/15)

Shops:
D:3 ?

Annotations:
D:2 Sigmund
D:3 1 runed translucent door, exclusion: iguana, Crazy Yiuf, Grinder


Innate Abilities, Weirdness & Mutations

You are a hulking beast.
Your limbs bulge with bestial killing power. (Slay +2)
You have an increased reservoir of magic. (+10% MP)
You shall have no god before yourself.
Your divine heritage dramatically boosts your attributes as you level up.
You have large cloven feet.
Armour fits poorly on your strangely shaped body.
Your flesh is heat resistant. (rF+)
You are weak. (Str -2)


Message History

T - 2 scrolls of teleportation (gained 1)
B - 3 scrolls of blinking (gained 1) Thank you for shopping at Kekhlag's Magic Scroll Emporium!
You can access your shopping list by pressing '$'.
A goblin comes into view. It is wielding a +0 club.
The goblin shouts!
The goblin hits you with a +0 club.
You closely miss the goblin. The goblin hits you but does no damage.
You hit the goblin.
The goblin is severely wounded.
The goblin misses you.
You punch the goblin!
You kill the goblin!
You see here a +0 club.
Found a hammer.
Found a runed translucent door.
Crazy Yiuf shouts!
An adder comes into view.
The adder hisses angrily.
An orc comes into view. It is wielding a +0 falchion.
Found a stone staircase leading down.
The orc shouts!
The orc moves out of view.
The adder attacks as you move away! The adder bites you.
You are poisoned.
The adder poisons you!
You feel sick. The adder misses you. The adder attacks as you move away!
The adder barely misses you.
You feel sick. The adder attacks as you move away! The adder bites you.
You are more poisoned.
The adder poisons you!
You feel sick.
You miss the adder.
You feel sick. The adder barely misses you.
You barely miss the adder.
You feel sick. The adder bites you. x2
You closely miss the adder.
You feel sick. The adder bites you.
You are more poisoned.
The adder poisons you! The adder attacks as you move away! The adder bites you.
You are more poisoned.
The adder poisons you! The orc attacks as you move away!
The orc hits you with a +0 falchion.
* * * LOW HITPOINT WARNING * * *
You feel very sick. The orc attacks as you move away!
The orc closely misses you.
* * * LOW HITPOINT WARNING * * *
You feel sick. The adder barely misses you. The orc attacks as you move away!
The orc hits you with a +0 falchion.
* * * LOW HITPOINT WARNING * * *
x2 You feel sick.
It was a potion of mutation.
You feel extremely strange.
You feel weaker.
Your feet thicken and deform.
Your body twists and deforms.
You feel resistant to heat.
You die...

...##.##l #..# #.# #.#
.........####..########.######.#
.#.##.##.##..........##........##
.#..........#.######.##....).....
.##.........#...........###.#..##
....#.##.##.########.##.# #.#..#
.........##.###### #.##.###.#..#
#...#.##.....<)..###.##.##.....#
###...##.##.#.##ho....#.##..#..#
###...##......##.S.............#
.)..#.......#.##.###..∩.....#..#
##..#.........##.# #..###..##..#
##..#.#######.##.# #...........#
......# #....# #..##..o###.#
##.#...# #.#... #.###...#.....
##.#...# ##.. ..............
##.#...# .. ##.............


You could see an adder and an orc.

Vanquished Creatures
  A gnoll (D:2)
  4 adders
  2 worms
  2 dart slugs (D:3)
  3 orcs (D:2)
  5 ball pythons
  2 bats
  5 endoplasms
  2 giant cockroaches
  6 goblins
  5 hobgoblins
  6 jackals
  3 quokkas
  3 frilled lizards
  4 kobolds
  4 rats
57 creatures vanquished.

Notes
Turn   | Place    | Note
-------+----------+-------------------------------------------
     0 | D:1      | shadowrider38 the Demigod Shapeshifter began the quest for
                  | the Orb.
     0 | D:1      | Reached XP level 1. HP: 17/17 MP: 3/3
   416 | D:1      | Reached XP level 2. HP: 24/24 MP: 4/4
   828 | D:2      | Reached skill level 3 in Shapeshifting
  1009 | D:2      | Reached skill level 3 in Unarmed Combat
  1009 | D:2      | Reached XP level 3. HP: 26/29 MP: 5/5
  1299 | D:2      | Noticed Sigmund
  1440 | D:2      | Reached XP level 4. HP: 36/36 MP: 6/6
  1967 | D:3      | Found Kekhlag's Magic Scroll Emporium.
  1967 | D:3      | Noticed Grinder
  2077 | D:3      | Paralysed by Grinder for 5 turns
  2593 | D:3      | Bought a scroll of teleportation for 39 gold pieces
  2593 | D:3      | Bought a scroll of blinking for 97 gold pieces
  2630 | D:3      | Found a runed translucent door.
  2631 | D:3      | Noticed Crazy Yiuf
  2680 | D:3      | HP: 1/36 [poisoned by an adder]
  2681 | D:3      | Gained mutation: You are weak. (Str -2) [potion of
                  | mutation]
  2681 | D:3      | Gained mutation: You have large cloven feet. [potion of
                  | mutation]
  2681 | D:3      | Gained mutation: Armour fits poorly on your strangely
                  | shaped body. [potion of mutation]
  2681 | D:3      | Gained mutation: Your flesh is heat resistant. (rF+)
                  | [potion of mutation]
  2681 | D:3      | Succumbed to an adder's poison

Illustrated notes

Levels and vault maps discovered:
D:1:      scummos_arrival_simple_crosswalls, layout_loops_ring,
          basic_ecumenical_altar
D:2:      layout_loops_ring, uniq_sigmund
D:3:      layout_basic, serial_shops, shop, uniq_grinder,
          uniq_crazy_yiuf_cottage

Skill      XL: |  1  2 |
---------------+-------+-----
Unarmed Combat | 2 3 |  3.8
Shapeshifting  | 3 |  3.4
Fighting       | |  1.7
Dodging        | |  1.7

Action                     |  1- 3 |  4- 6 || total
---------------------------+-------+-------++-------
  Melee: Unarmed           |   133 |    68 ||   201
         Punch             |     2 |     1 ||     3
    Use: Scroll            |     3 |     1 ||     4
         Potion            |     1 |     1 ||     2
   Stab: Sleeping          |     1 |     1 ||     2
 Armour: Animal skin       |    20 |    10 ||    30
  Dodge: Dodged            |    72 |    62 ||   134

Table legend: (Time is in decaauts)
 A = Elapsed time spent in this place.
 B = Non-inter-level travel time spent in this place.
 C = Inter-level travel time spent in this place.
 D = Time resting spent in this place.
 E = Time spent auto-exploring this place.
 F = Levels seen in this place.
 G = Mean time per level.
                   A        B        C        D        E       F      G
               +--------+--------+--------+--------+--------+-----+--------+
         Total |   2688 |   2612 |     76 |    562 |   1300 |   3 |  896.0 |
       Dungeon |   2688 |   2612 |     76 |    562 |   1300 |   3 |  896.0 |
               +--------+--------+--------+--------+--------+-----+--------+

Top non-repeatable levels by time:
     D:1: 1176 daAuts
     D:2: 759 daAuts
     D:3: 752 daAuts
